 Dungeon Crawl Stone Soup version 0.26.1-11-gd32895ea62 (webtiles) character file.

Game seed: 17763606611551712486

50 Zeld the Gusty (level 3, 20/20 HPs)
             Began as a Tengu Air Elementalist on June 6, 2021.
             Quit the game on level 2 of the Dungeon.
             The game lasted 00:02:14 (1816 turns).

Zeld the Gusty (Tengu Air Elementalist)             Turns: 1816, Time: 00:02:15

Health: 20/20      AC:  4    Str:  8    XL:     3   Next: 79%
Magic:  8/8        EV: 13    Int: 16    God:
Gold:   119        SH:  0    Dex: 14    Spells: 3/7 levels left

rFire    . . .     SeeInvis .   (no weapon)
rCold    . . .     Faith    .   (no shield)
rNeg     . . .     Spirit   .   a - +0 robe
rPois    .         Reflect  .   (helmet restricted)
rElec    .         Harm     .   h - +0 cloak
rCorr    .         Rampage  .   c - +0 pair of gloves
Will     .....                  (boots unavailable)
Stlth    ++........             (no amulet)
HPRegen  0.06/turn              (no ring)
MPRegen  0.11/turn              (no ring)

@: no status effects
A: beak, talons 3
a: no special abilities


You were on level 2 of the Dungeon.
You visited 1 branch of the dungeon, and saw 2 of its levels.

You collected 119 gold pieces.

Inventory:

Armour
 a - a +0 robe (worn)
 c - a +0 pair of gloves (worn)
 h - a +0 cloak (worn)
Jewellery
 j - an uncursed ring of magical power {unknown}
Scrolls
 b - a scroll of remove curse {unknown}
 e - a scroll of blinking {unknown}
 g - 2 scrolls of identify {unknown}
 l - a scroll of magic mapping {unknown}
 m - 3 scrolls of teleportation {unknown}
Potions
 d - 2 potions of haste {unknown}
 f - 2 potions of flight {unknown}
 i - a potion of curing {unknown}
 k - a potion of heal wounds {unknown}
 n - a potion of degeneration {unknown}


   Skills:
 + Level 1.1 Fighting
 + Level 2.7 Dodging
 - Level 2.0 Stealth
 * Level 2.6 Spellcasting
 - Level 1.3 Conjurations
 * Level 4.7 Air Magic


You had 3 spell levels left.
You knew the following spells:

 Your Spells              Type           Power        Failure   Level
a - Shock                 Conj/Air       44%          5%          1
b - Static Discharge      Conj/Air       11%          17%         3

Your spell library contained the following spells:

 Spells                   Type           Power        Failure   Level
 Swiftness                Air            17%          4%          2
 Airstrike                Air            8%           26%         4
 Lightning Bolt           Conj/Air       5%           83%         5


Dungeon Overview and Level Annotations

Branches:
Dungeon (2/15)

Altars:


Innate Abilities, Weirdness & Mutations

You have a beak for a mouth.
You have claws for feet.


Message History

You can't see any susceptible monsters within range! (Use Z to cast anyway.)
Found 24 stones.
You now have 119 gold pieces (gained 9).
m - 2 scrolls labelled NAT YPIOLIKHY (gained 1)
m - 3 scrolls labelled NAT YPIOLIKHY (gained 1)
You open the door.
There is an open door here.
You open the door.
A bat comes into view.
There is an open door here.
A bat is nearby!
A bat is nearby!
A bat is nearby!
Are you sure you want to abandon this character and quit the game? (Confirm with "yes".)
Okay, then.
Are you sure you want to abandon this character and quit the game? (Confirm with "yes".)
Okay, then.
Unknown command.
Unknown command.
Are you sure you want to abandon this character and quit the game? (Confirm with "yes".)

.# .# #. .# #. #.
b# #.###. .#
......###########.#
#.####..........#.#
................@.#
................###
................#
.......######'###
.....†.# #.#
.......# #.#
.......# #.#
.......# #.#
....#### #.#


You could see a bat (asleep).

Vanquished Creatures
  An adder (D:2)
  A gnoll (D:2)
  An ooze (D:1)
  A leopard gecko (D:2)
  5 bats (D:1)
  A giant cockroach (D:2)
  2 goblins (D:1)
  4 hobgoblins
  A quokka (D:2)
  2 frilled lizards
  3 kobolds (D:1)
  3 rats (D:1)
25 creatures vanquished.

Notes
Turn   | Place    | Note
-------+----------+-------------------------------------------
     0 | D:1      | Zeld the Tengu Air Elementalist began the quest for the
                  | Orb.
     0 | D:1      | Reached XP level 1. HP: 10/10 MP: 4/4
   272 | D:1      | Reached XP level 2. HP: 15/15 MP: 4/6
   830 | D:2      | Reached XP level 3. HP: 20/20 MP: 4/7
   834 | D:2      | Learned a level 3 spell: Static Discharge
  1566 | D:2      | Reached skill level 1 in Fighting
  1816 | D:2      | Quit the game

Illustrated notes

Levels and vault maps discovered:
D:1:      lemuel_arrival_broad_hall, layout_rooms,
          hangedman_abyss_or_decor_stabs
D:2:      layout_basic, chequers_avenue, amcnicky_mini_rare_corridor_liquid,
          minmay_misc_feat_chi, uniq_robin

Skill      XL: |  1  2  3 |
---------------+----------+-----
Fighting       | 1 |  1.1
Dodging        | |  2.7
Stealth        | |  2.0
Spellcasting   | |  2.6
Conjurations   | |  1.3
Air Magic      | |  4.7

Action                   || total
-------------------------++-------
Melee: Unarmed           ||     6
       Kick              ||     2
       Peck              ||     2
 Cast: Shock             ||    66
Armor: Robe              ||    12
Dodge: Dodged            ||    18
